+-, lawful male human Archeologist --------- |..<.%..| --- ---- #........| .. ..- ###|.......| .. -..| ### #`###+.......| . |..| ### ### |.....)(| . |..| # # ------.-- . |..| ##### |.-+---..|# # |.........###### ---..-----.|# .... |.| ..| |.| -.-----.| +@Y.....| |.G.fG..| -.....{.| .........| ----------- +- the Investigator Experience level: 6 Strength: 10 Dexterity: 9 Constitution: 13 Intelligence: 17 Wisdom: 16 Charisma: 11 Health: 0(51) Energy: 35(35) Def: 3 Gold: 114 Moves: 3846 Dungeon seed: N7x4mp1YRT7OnGoT Game ID: +-_1527668233 Your Inventory: Coins $ - 114 gold pieces Weapons a - a blessed +5 bullwhip (weapon in hand) C - a +0 elven dagger J - 8 cursed +0 darts (in quiver) U - 8 +0 darts Armor n - an uncursed +0 fedora (being worn) y - an uncursed +0 orcish helm T - an uncursed +0 studded leather armor (being worn) Y - an uncursed +0 cloak of invisibility Scrolls k - a cursed scroll of magic mapping A - an uncursed scroll of enchant armor Potions I - an uncursed potion of invisibility Z - 2 blessed potions of full healing Rings t - an uncursed ring of polymorph control Wands j - a wand of striking (0:3) D - a wand of locking (0:6) Tools c - a +0 pick-axe d - an uncursed mirror e - a blessed wax candle (0:400) g - an uncursed tin opener h - an uncursed tin whistle v - a cursed tallow candle (0:200) B - an uncursed skeleton key E - an uncursed wax candle (0:400) F - 6 uncursed tallow candles (0:200) G - 6 cursed wax candles (0:400) L - an uncursed stethoscope S - an uncursed bag of holding Gems q - an uncursed touchstone r - an uncursed rock z - 2 uncursed worthless pieces of yellowish brown glass K - 2 uncursed garnet stones N - 2 uncursed worthless pieces of blue glass P - an uncursed worthless piece of black glass Contents of the bag of holding: an uncursed potion of booze a tinning kit (1:49) Spells and supernatural/magical abilities: Name Level Category Fail Memory W - pray for help -- divine ? -- Your skills at the end: Fighting Skills Weapon Skills pick-axe [Basic] whip [Basic] Spellcasting Skills Final Attributes: You were piously aligned. You were stealthy. You were fast. You were lucky. You are dead. Vanquished creatures: a human mummy a leprechaun a dog 6 gnome lords 2 gnomish wizards a ghoul a kobold lord 3 hill orcs a monkey an orc zombie a werejackal an iguana 3 acid blobs a coyote 2 hobbits a large kobold a cave spider a brown mold 2 yellow molds 25 gnomes 3 garter snakes a gnome zombie 5 geckos 3 jackals a fox a kobold a goblin 7 grid bugs 5 bats 5 lichens 4 newts 92 creatures vanquished. Voluntary challenges: You were an atheist. You used a wielded weapon 86 times, starting on turn 57. You read items or engraved 17 times, starting on turn 147. You never genocided any monsters. You never polymorphed an object. You never changed form. You used no wishes. You never split a pudding. You wrote Elbereth's name 4 times, starting on turn 612. You never violated your personal moral code. Dungeon overview: The Dungeons of Doom: levels 1 to 4 Level 1 a fountain, a sink a long staircase Level 2 a scroll shop, a fountain Level 3 a general store, a fountain Level 4 stairs to The Gnomish Mines The Gnomish Mines: levels 5 to 8 Level 5 stairs to The Dungeons of Doom Level 6 Level 7 Level 8 <- You were here a fountain History has recorded: On T:1 you entered the Dungeons of Doom to retrieve the Amulet of Yendor! On T:539 you reached level 2 of The Dungeons of Doom. On T:575 you advanced to experience level 2. On T:1105 you reached level 3 of The Dungeons of Doom. On T:1268 you advanced to experience level 3. On T:1709 you advanced to experience level 4. On T:1811 you reached level 4 of The Dungeons of Doom. On T:2115 you reached level 1 of The Gnomish Mines. On T:2199 you advanced to experience level 5. On T:2667 you reached level 2 of The Gnomish Mines. On T:2924 you advanced to experience level 6. On T:3230 you reached level 3 of The Gnomish Mines. On T:3541 you reached level 4 of The Gnomish Mines. Score breakdown: Gold: 114 ( 7009 points) Experience: 6 levels (12456 points) Exploration: 8 levels ( 16.00%) (11338 points) Discoveries: 29 items ( 9.73%) ( 9358 points) Valuables value: (no points given unless you survive) Artifact value: 0 ( 0 points) Variety of kills: 31 monsters ( 8.14%) ( 8557 points) Turncount: 3846 turns ( -966 points) Survival: died (score multiplied by 80%) Total score: 38201 Latest messages: U - a dart. You hear a door open. There are a few objects here. Azog picks up 14 darts. There is nothing here to pick up. You finish waiting. Azog drops 14 darts. You hear some noises in the distance. You are beginning to feel weak. Your movements are slowed slightly because of your load. The air crackles around the gnomish wizard. The gnomish wizard points at you, then curses. The air crackles around the gnomish wizard. You hear some noises in the distance. Azog misses the yeti. You hit the gnomish wizard! The gnomish wizard points at you, then curses. You miss the gnomish wizard. The yeti hits! (2x) The yeti bites! The gnomish wizard points at you, then curses. The wand misses the gnomish wizard. The yeti hits! (2x) You die... Final status: Goodbye +- the Archeologist, killed by a yeti... You died in The Gnomish Mines on dungeon level 8 with 38201 points, and 114 pieces of gold, after 3846 moves. You were level 6 with a maximum of 51 hit points when you died.